 Dungeon Crawl Stone Soup version 0.31-a0-431-g88bdf31460 (webtiles) character file.

Game seed: 8310642405076435419

203 Flugkiller the Changeling (level 5, -3/30 HPs)
             Began as a Deep Elf Shapeshifter on July 31, 2023.
             Was an Initiate of Ru.
             Slain by an ice beast (13 damage)
             ... on level 5 of the Dungeon.
             The game lasted 00:04:14 (1909 turns).

Flugkiller the Changeling (Deep Elf Shapeshifter)   Turns: 1909, Time: 00:04:15

Health: -3/30      AC: 10    Str: 12    XL:     5   Next: 51%
Magic:  7/7        EV:  3    Int: 13    God:    Ru [......]
Gold:   74         SH:  0    Dex: 17    Spells: 4/4 levels left

rFire   . .          .
                       - Unarmed
rCold   . . .        (no shield)
rNeg    . . .        f - +0 plate armour
rPois   .            (helmet currently unavailable)
rElec   .            (cloak currently unavailable)
rCorr   .            (gloves currently unavailable)
SInv    .            (boots currently unavailable)
Will    .....        (no amulet) Stlth
                     k - ring of flight
HPRegen 0.25/turn    (no ring)
MPRegen 0.10/turn

%: no passive effects
@: beast-form, flying
A: beast (slay +3)
a: Begin Untransformation, Renounce Religion


You were on level 5 of the Dungeon.
You worshipped Ru.
Ru was noncommittal.
You were a hulking beast.
You visited 1 branch of the dungeon, and saw 5 of its levels.

You collected 74 gold pieces.

Inventory:

Hand Weapons
 i - a +0 dagger
   (You took it off a goblin on level 1 of the Dungeon)
Armour
 a - a +0 animal skin
 f - a +0 plate armour (worn)
   (You found it on level 1 of the Dungeon)
 n - the +0 robe of the Garden {rC+}
   (You found it on level 2 of the Dungeon)

   rC:        It protects you from cold.
 o - a +1 helmet
   (You found it on level 2 of the Dungeon)
Jewellery
 k - a ring of flight (left hand)
   (You found it on level 5 of the Dungeon)
Talismans
 c - a beast talisman (active)
Scrolls
 g - a scroll of amnesia {unknown}
 h - a scroll of fear
 r - a scroll of identify
Potions
 b - a potion of lignification
 d - a potion of degeneration {unknown}
 e - a potion of mutation
 j - a potion of ambrosia
 l - a potion of heal wounds {unknown}
 m - a potion of cancellation {unknown}
 p - a potion of magic {unknown}
 q - 2 potions of curing


   Skills:
 + Level 2.0 Fighting
 + Level 0.2 Armour
 - Level 2.4 Dodging
 - Level 2.0 Stealth
 - Level 3.0 Unarmed Combat
 - Level 5.0 Shapeshifting


You had 4 spell levels left.
You didn't know any spells.
Your spell library contained the following spells:

 Spells                   Type           Power      Damage    Failure   Level
 Foxfire                  Conj/Fire      0%         2x1d4     100%        1
 Wereblood                Tmut           0%         N/A       100%        2
 Irradiate                Conj/Tmut      0%         3d11      100%        5
 Plasma Beam              Fire/Air       0%         2x1d10    100%        6
 Starburst                Conj/Fire      0%         6d3       100%        6


Dungeon Overview and Level Annotations

Branches:
Dungeon (5/15) Zot: 26863
 Temple: D:4-7

Altars:
Ru

Shops:
D:1 [


Message History

You barely miss the phantom.
The phantom is severely damaged.
The ball python bites you. The ball python constricts you.
The adder bites you but does no damage.
The phantom hits you but does no damage.
You hit the phantom but do no damage.
The phantom is severely damaged.
The ball python bites you but does no damage.
The ball python constricts you. The adder bites you but does no damage.
The phantom hits you but does no damage.
You smack the phantom!
You destroy the phantom!
The adder bites you but does no damage.
The ball python bites you but does no damage.
The ball python constricts you. The adder bites you but does no damage.
You have reached level 5!
You hit the adder.
The adder is heavily wounded.
The ball python bites you but does no damage.
The ball python constricts you. The adder bites you but does no damage.
The ball python bites you but does no damage.
The ball python constricts you.
You barely miss the adder.
The adder is heavily wounded.
The adder bites you but does no damage.
The ball python bites you but does no damage.
The ball python constricts you.
You smack the adder!
You kill the adder!
The ball python bites you but does no damage.
The ball python constricts you.
Training target 5.0 for Shapeshifting reached!
Your Shapeshifting skill increases to level 5!
You need to enable at least one skill for training.
You smack the ball python!
You kill the ball python!
Unknown command.
You cannot move.
Your transformation is almost over.
You feel less wooden.
Your +0 plate armour unmelds from your body.
You turn into a hulking beast.
You now have 74 gold pieces (gained 8).
A worm comes into view.
You see here a blue potion.
l - a blue potion
Found a stone staircase leading up.
There is a stone staircase leading down here.
You fly downwards.
You hear the hiss of flowing sand.
There is an entrance to an ossuary on this level.
Hurry and find it before the portal is buried!
You hear the brisk hiss of an avalanche of sand nearby.
The ice beast hits you. The ice beast freezes you!
The ice beast hits you but does no damage.
There is a stone staircase leading up here.
Okay, then.
Okay, then.
As you read the scroll of fear, it crumbles to dust.
You assume a fearsome visage.
The ice beast looks frightened!
Unknown command.
You see here a scroll of identify.
r - a scroll of identify You reach down and open the door.
Found an escape hatch in the floor.
You reach down and open the door.
Found two escape hatches in the floor.
There is an open door here.
You reach down and close the door.
You start resting.
You hear the brisk hiss of an avalanche of sand.
You start resting.
HP restored.
You reach down and open the door.
You closely miss the ice beast. You hit the ice beast but do no damage.
The ice beast hits you but does no damage.
You barely miss the ice beast.
The ice beast hits you but does no damage.
You hit the ice beast but do no damage. The ice beast barely misses you.
You closely miss the ice beast.
The ice beast hits you but does no damage.
You barely miss the ice beast.
The ice beast hits you but does no damage.
You hit the ice beast.
The ice beast is moderately wounded.
The ice beast hits you. The ice beast freezes you!
You completely miss the ice beast.
The ice beast is moderately wounded.
The ice beast hits you but does no damage.
You closely miss the ice beast.
The ice beast is moderately wounded.
The ice beast hits you. The ice beast freezes you!
You are too injured to fight recklessly!
You barely miss the ice beast.
The ice beast is moderately wounded.
The ice beast hits you but does no damage.
You punch the ice beast!
The ice beast is heavily wounded.
The ice beast hits you. The ice beast freezes you!
You die...

#....#
####'...#
#...#...#
.#.>.##..#
..#.. #.Y#
###
#######.#
#...#...#
#.#
#.>.#.>.#
#.#
#..h###.##
####Y....#
#####.#
... ###..
##


You could see an ice beast.

Vanquished Creatures
  A phantom (D:4)
  A hound (D:5)
  A sleepcap (D:4)
  2 adders
  An ufetubus (D:5)
  A dart slug (D:1)
  8 ball pythons
  3 bats
  4 endoplasms
  A giant cockroach (D:2)
  4 hobgoblins
  A jackal (D:2)
  4 frilled lizards
  3 goblins
  11 kobolds
  8 rats
54 creatures vanquished.

Notes
Turn   | Place    | Note
-------+----------+-------------------------------------------
     0 | D:1      | Flugkiller the Deep Elf Shapeshifter began the quest for
                  | the Orb.
     0 | D:1      | Reached XP level 1. HP: 11/11 MP: 3/3
    58 | D:1      | Found Zemofu's Antique Armour Shop.
    69 | D:1      | Reached skill level 1 in Fighting
    90 | D:1      | Reached skill level 1 in Stealth
   247 | D:1      | Reached XP level 2. HP: 16/16 MP: 4/4
   998 | D:2      | Reached XP level 3. HP: 21/21 MP: 5/5
  1421 | D:2      | Identified the +0 robe of the Garden {rC+}
  1430 | D:2      | Found a sacrificial altar of Ru.
  1468 | D:2      | Became a worshipper of Ru the Awakened
  1612 | D:3      | You fall into a shaft and drop 2 floors!
  1612 | D:5      | Entered Level 5 of the Dungeon
  1731 | D:5      | Reached XP level 4. HP: 8/26 MP: 6/6
  1766 | D:5      | Noticed an ice beast
  1780 | D:4      | Noticed a phantom
  1788 | D:4      | Reached skill level 4 in Shapeshifting
  1795 | D:4      | Killed a phantom
  1796 | D:4      | Reached XP level 5. HP: 30/30 MP: 7/7
  1799 | D:4      | Reached skill level 5 in Shapeshifting
  1909 | D:5      | Slain by an ice beast

Illustrated notes

Levels and vault maps discovered:
D:1:      minmay_arrival_nine_rooms, layout_loops_cross, serial_shops,
          nicolae_shop_tiny_real_fake_doors, lexackson_kobold_supper
D:2:      layout_basic, serial_glass, glass_columns_a, glass_columns_b,
          basic_altar, minmay_nonomino_d4
D:3:      layout_rooms
D:4:      layout_cave_pools, mainiacjoe_overflow_big_doors, minmay_shop_mayhem,
          corexii_shack
D:5:      layout_basic, nicolae_ossuary_entry_false_entrances,
          hangedman_decor_slide_cut, uniq_ijyb

Skill      XL: |  1  2  3  4  5 |
---------------+----------------+-----
Fighting       | 1 2 |  2.0
Stealth        | 1 2 |  2.0
Unarmed Combat | 3 |  3.0
Shapeshifting  | 4 5 |  5.0
Armour         | |  0.2
Dodging        | |  2.4

Action                     |  1- 3 |  4- 6 || total
---------------------------+-------+-------++-------
  Melee: Unarmed           |   160 |    29 ||   189
         Punch             |     4 |       ||     4
    Use: Scroll            |     3 |     1 ||     4
         Potion            |     2 |     1 ||     3
   Stab: Sleeping          |     1 |       ||     1
 Armour: Animal skin       |     3 |       ||     3
         Plate armour      |    92 |     8 ||   100
         Skin              |       |    47 ||    47
  Dodge: Dodged            |    53 |     3 ||    56

Table legend: (Time is in decaauts)
 A = Elapsed time spent in this place.
 B = Non-inter-level travel time spent in this place.
 C = Inter-level travel time spent in this place.
 D = Time resting spent in this place.
 E = Time spent auto-exploring this place.
 F = Levels seen in this place.
 G = Mean time per level.
                   A        B        C        D        E       F      G
               +--------+--------+--------+--------+--------+-----+--------+
         Total |   1898 |   1796 |    102 |    248 |    970 |   5 |  379.6 |
       Dungeon |   1898 |   1796 |    102 |    248 |    970 |   5 |  379.6 |
               +--------+--------+--------+--------+--------+-----+--------+

Top non-repeatable levels by time:
     D:1: 1053 daAuts
     D:2: 522 daAuts
     D:5: 228 daAuts
     D:4: 65 daAuts
     D:3: 28 daAuts
